 Dungeon Crawl Stone Soup version 0.25-a0-589-g1e14c549ee (webtiles) character file.

Game seed: 5496561111174943082, levelgen mode: deterministic

32 Kohma the Sneak (level 3, 0/24 HPs)
             Began as an Octopode Assassin on Mar 10, 2020.
             Succumbed to an adder's poison
             ... on level 2 of the Dungeon.
             The game lasted 00:02:36 (1183 turns).

Kohma the Sneak (Octopode Assassin)                 Turns: 1183, Time: 00:02:37

Health: 0/24       AC:  1    Str: 10    XL:     3   Next: 27%
Magic:  3/3        EV: 13    Int: 19    God:
Gold:   46         SH:  0    Dex: 13    Spells: 2/2 levels left

rFire    . . .     SeeInvis .   a - +2 dagger
rCold    . . .     Gourm    .   (no shield)
rNeg     . . .     Faith    .   (helmet restricted)
rPois    .         Spirit   .   (no amulet)
rElec    .         Reflect  .   j - ring of flight
rCorr    .         Harm     .   k - +5 ring of intelligence
MR       .....                  (no ring)
Stlth    ++++......             (no ring)
HPRegen  0.08/turn              (no ring)
MPRegen  0.08/turn              (no ring)
                                (no ring)
                                (no ring)

@: lethally poisoned (0 -> -6)
A: almost no armour, stealthy swim, amphibious, 8 rings, constrict 8, camouflage
1, gelatinous body 1
a: Evoke Flight


You were on level 2 of the Dungeon.
You were hungry.

You visited 1 branch of the dungeon, and saw 2 of its levels.

You collected 46 gold pieces.

Inventory:

Hand Weapons
 a - a +2 dagger (weapon)
Missiles
 b - 6 poisoned darts (quivered)
 c - 2 curare-tipped darts
Jewellery
 j - a ring of flight (left tentacle)
 k - a +5 ring of intelligence (right tentacle)
Scrolls
 f - a scroll of teleportation
 g - a scroll of fear
 h - a scroll of random uselessness {unknown}
 i - 2 scrolls of remove curse {unknown}
Comestibles
 d - 4 rations


   Skills:
 + Level 2.2 Fighting
 - Level 2.0 Short Blades
 - Level 2.0 Throwing
 * Level 1.9 Dodging
 + Level 5.6 Stealth
 * Level 1.5 Unarmed Combat


You had 2 spell levels left.
You didn't know any spells.
Your spell library was empty.

Dungeon Overview and Level Annotations

Branches:
Dungeon (2/15)

Altars:


Innate Abilities, Weirdness & Mutations

You cannot wear most types of armour.
You are very stealthy in the water. (Stealth+)
You are amphibious.
You can wear up to eight rings at the same time.
You can use your tentacles to constrict eight enemies at once.
Your skin changes colour to match your surroundings (Stealth+).
Your rubbery body absorbs attacks. (AC +1, EV +1)


Message History

The ball python hisses angrily.
A frilled lizard comes into view.
You hit the ball python.
You kill the ball python!
Okay, then.
Throwing (i - inventory. (/) - cycle)
b - 8 poisoned darts (quivered)
Press: ? - help, Shift-Dir - straight line, f - frilled lizard
Aim: a frilled lizard (resting)
You throw a poisoned dart.
The poisoned dart hits the frilled lizard.
The frilled lizard is poisoned.
The frilled lizard hisses angrily.
* * * LOW HITPOINT WARNING * * *
You feel sick.
Throwing (i - inventory. (/) - cycle)
b - 7 poisoned darts (quivered)
Press: ? - help, Shift-Dir - straight line, f/p - frilled lizard
Aim: a frilled lizard (heavily wounded, poisoned)
You throw a poisoned dart.
The poisoned dart closely misses the frilled lizard.
You die...

..((.. ..
... .l...
####....
##...#.#
#......####
#..........
#..@...#
##...#.#
##.## #.#
#.# #.# #.#
#.#


You could see a frilled lizard.

Vanquished Creatures
  An adder (D:2)
  2 dart slugs (D:1)
  2 ball pythons
  2 giant cockroaches (D:1)
  A goblin (D:1)
  2 hobgoblins (D:1)
  A frilled lizard (D:1)
  6 kobolds
  3 rats
  A fungus (D:1)
21 creatures vanquished.

Notes
Turn   | Place    | Note
-------+----------+-------------------------------------------
     0 | D:1      | Kohma the Octopode Assassin began the quest for the Orb.
     0 | D:1      | Reached XP level 1. HP: 14/14 MP: 1/1
   229 | D:1      | Reached XP level 2. HP: 13/19 MP: 2/2
   674 | D:1      | Reached skill level 1 in Unarmed Combat
  1169 | D:2      | Reached XP level 3. HP: 11/24 MP: 3/3
  1181 | D:2      | HP: 1/24 [poisoned by an adder]
  1183 | D:2      | Succumbed to an adder's poison

Levels and vault maps discovered:
D:1:      onia_arrival_mini_maze, layout_basic
D:2:      layout_loops_ring, overflow_temple_1_default

Skill      XL: |  1  2 |
---------------+-------+-----
Unarmed Combat | 1 |  1.5
Fighting       | |  2.2
Short Blades   | |  2.0
Throwing       | |  2.0
Dodging        | |  1.9
Stealth        | |  5.6

Action                   || total
-------------------------++-------
Melee: Dagger            ||    41
       Constrict         ||     9
       Tentacles         ||     4
       Punch             ||     1
Throw: Dart              ||     2
  Use: Scroll            ||     2
 Stab: Sleeping          ||     7
Dodge: Dodged            ||    13

Table legend:
 A = Non-vault XP
 B = Vault XP
 C = Vault XP percentage of total XP
 D = Non-vault monster count
 E = Vault monster count
 F = Vault count percentage of total count
                 A         B        C        D         E       F
            +---------+---------+-------+---------+---------+-------
      Total |      47 |       0 |   0.0 |      20 |       0 |   0.0
            +---------+---------+-------+---------+---------+-------
        D:1 |      31 |       0 |   0.0 |      16 |       0 |   0.0
        D:2 |      16 |       0 |   0.0 |       4 |       0 |   0.0
            +---------+---------+-------+---------+---------+-------
